Description

Nathanias Bunny Build

Replay - 청토끼 v Nathanias - Dusk Towers

Build Order

Get SALT Encoding   

  14  0:17  Supply Depot  
  15  0:40  Barracks  
  16  0:44  Refinery  
  19  1:28  Orbital Command  
  19  1:29  Reaper  
  20  1:41  Command Center  
  20  1:51  Supply Depot  
  20  2:00  Refinery  
  20  2:01  Marine  
  22  2:11  Factory  
  23  2:24  Barracks Reactor  
  25  2:58  Starport  
  26  3:07  Hellion x2  
  26  3:12  Orbital Command  
  31  3:13  Barracks Tech Lab  
  31  3:16  Orbital Command  
  32  3:29  Hellion x2  
  36  3:35  Liberator  
  39  3:50  Hellion x2  
  39  3:51  Fusion Core  
  46  3:59  Supply Depot  
  46  4:00  Supply Depot  
  47  4:14  Hellion x2  
  52  4:21  Supply Depot  
  53  4:28  Barracks Tech Lab  
  56  4:42  Advanced Ballistics  
  58  4:54  Command Center  
  59  5:05  Marine x2  
  63  5:14  Liberator  
  59  5:21  Siege Tank  
  50  5:30  Refinery x2  
  50  5:32  Marine x2  
  56  5:39  Bunker  
  56  5:40  Engineering Bay x2, Bunker  
  57  5:49  Marine x2  
  62  6:00  Liberator  
  62  6:05  Siege Tank  
  62  6:10  Orbital Command  
  67  6:14  Marine x2  
  73  6:20  Terran Infantry Armor Level 1, Terran Infantry Weapons Level 1  
  74  6:26  Barracks  
  74  6:31  Barracks  
  76  6:43  Siege Tank  
  82  6:55  Liberator x2  
  82  7:01  Barracks  
  82  7:02  Barracks  
  82  7:05  Stimpack  
  82  7:06  Marine  
  83  7:10  Missile Turret x2  
  83  7:11  Missile Turret  
  83  7:12  Missile Turret  
  89  7:16  Missile Turret  
  89  7:25  Barracks Reactor x2  
  89  7:26  Marauder  
  89  7:29  Siege Tank  
  94  7:39  Armory  
  97  7:51  Barracks Reactor x2  
  97  7:55  Missile Turret  
  97  8:03  Medivac  
  97  8:05  Orbital Command  
  104  8:13  Medivac  
  106  8:28  Barracks  
  106  8:29  Barracks  
  106  8:32  Barracks  
  106  8:33  Refinery  
  106  8:37  Marauder  
  116  8:43  Terran Infantry Weapons Level 2  
  116  8:46  Refinery, Terran Infantry Armor Level 2  
  116  8:51  Missile Turret  
  125  9:06  Combat Shields, Siege Tank  
  128  9:12  Medivac  
  128  9:16  Barracks Reactor x2  
  130  9:21  Barracks Tech Lab  
  131  9:27  Marauder  
  138  9:38  Medivac  
  138  9:42  Medivac  
  138  9:44  Marauder  
  149  9:46  Missile Turret  
  149  9:52  Command Center  
  149  9:56  Marauder  
Spawning Tool Build Advisor. Get it on Overwolf

Go to:

Details

  • Created by: aDDiTiVe
  • Published on: Jan 09, 2017
  • Modified on: Jan 09, 2017
  • Patch: 3.8.0
Show
View Real Time Build Order
Export as new Build Order

Comments (0)

There are no comments. Be the first!

Create an account to comment!